 Dungeon Crawl Stone Soup version 0.29-a0-1027-gcd8c55af63 (webtiles) character file.

Game seed: 1606822306230402675

60 Zonian the Grave Robber (level 3, 0/24 HPs)
             Began as a Demonspawn Necromancer on Aug 13, 2022.
             Slain by a hobgoblin (5 damage)
             ... on level 2 of the Dungeon.
             The game lasted 00:03:08 (1598 turns).

Zonian the Grave Robber (Demonspawn Necromancer)    Turns: 1598, Time: 00:03:09

Health: 0/24       AC:  2    Str:  8    XL:     3   Next: 82%
Magic:  0/6        EV: 12    Int: 18    God:
Gold:   46         SH:  5    Dex: 13    Spells: 6/7 levels left

rFire   . . .      SeeInvis .   g - +0 dagger
rCold   . . .      Faith    .   (no shield)
rNeg    . . .      Spirit   .   a - +0 robe
rPois   .          Reflect  +   (no helmet)
rElec   .          Harm     .   (no cloak)
rCorr   .          Rampage  .   (no gloves)
Will    +....                   (no boots)
Stlth   ++........              c - amulet of reflection
HPRegen 0.08/turn               m - ring of willpower
MPRegen 0.10/turn               (no ring)

@: attractive
A: claws 1
a: no special abilities


You were on level 2 of the Dungeon.
You visited 1 branch of the dungeon, and saw 2 of its levels.

You collected 46 gold pieces.

Inventory:

Hand Weapons
 g - a +0 dagger (weapon)
 l - a +0 hand axe
Missiles
 j - 2 boomerangs
Armour
 a - a +0 robe (worn)
Jewellery
 c - an amulet of reflection (around neck)
 m - a ring of willpower (left claw)
Scrolls
 d - 3 scrolls of identify {unknown}
 e - 4 scrolls of magic mapping {unknown}
 h - a scroll of enchant weapon {unknown}
 i - a scroll of fear {unknown}
 k - a scroll of enchant armour {unknown}


   Skills:
 + Level 2.4 Dodging
 + Level 2.5 Stealth
 + Level 2.5 Spellcasting
 + Level 4.8 Necromancy


You had 6 spell levels left.
You knew the following spells:

 Your Spells              Type           Power      Damage    Failure   Level
a - Necrotise             Necr           76%        1d7       2%          1

Your spell library contained the following spells:

 Spells                   Type           Power      Damage    Failure   Level
 Vampiric Draining        Necr           19%        2d7       7%          3
 Summon Small Mammal      Summ           8%         N/A       17%         1
 Animate Dead             Necr           19%        N/A       24%         4
 Agony                    Necr           19%        N/A       54%         5


Dungeon Overview and Level Annotations

Branches:
Dungeon (2/15)

Altars:


Innate Abilities, Weirdness & Mutations

You have sharp fingernails.


Message History

You hit the gnoll.
The gnoll is lightly wounded.
The gnoll barely misses you.
You hit the gnoll but do no damage.
The gnoll is lightly wounded.
The gnoll closely misses you.
You hit the gnoll.
The gnoll is moderately wounded.
The gnoll hits you with a +0 whip.
You hit the gnoll.
The gnoll is heavily wounded.
The gnoll closely misses you.
You hit the gnoll but do no damage.
The gnoll is heavily wounded.
The gnoll hits you with a +0 whip!
* * * LOW HITPOINT WARNING * * *
Unknown command.
Casting: Necrotise (safe; 2% risk of failure)
Confirm with . or Enter, or press ? or * to list all spells.
Aiming: Necrotise (safe; 2% risk of failure)
Press: ? - help, Shift-Dir - straight line, f - gnoll
Aim: a gnoll, wielding a +0 whip (heavily wounded, chance to affect: 84%)
The gnoll writhes in agony.
The gnoll hits you but does no damage.
You hit the gnoll but do no damage.
The gnoll is heavily wounded.
The gnoll hits you with a +0 whip.
* * * LOW HITPOINT WARNING * * *
You closely miss the gnoll.
The gnoll is heavily wounded.
The gnoll closely misses you.
You hit the gnoll.
The gnoll is almost dead.
The gnoll hits you but does no damage.
You hit the gnoll.
You kill the gnoll!
You barely miss the hobgoblin. The hobgoblin closely misses you.
You hit the hobgoblin.
The hobgoblin is severely wounded.
The hobgoblin hits you.
You die...

.. ..#
.##.###
#.....
#.#.##
#....#
#<#..# #
#.##.##.#
#.......#
#..#@##.#
#..#g# #
#..#.#
#..#.#
#.....
... #.#
#.#


You could see a hobgoblin.

Vanquished Creatures
  3 gnolls (D:2)
  2 endoplasms (D:1)
  A giant cockroach (D:1)
  2 goblins (D:1)
  A hobgoblin (D:1)
  2 jackals (D:1)
  4 quokkas (D:1)
  3 ball pythons (D:1)
  A bat (D:1)
  3 frilled lizards (D:1)
  6 kobolds (D:1)
  A rat (D:1)
29 creatures vanquished.

Vanquished Creatures (collateral kills)
  A kobold (D:1)
1 creature vanquished.

Vanquished Creatures (others)
  A plant (D:1)
1 creature vanquished.

Grand Total: 31 creatures vanquished

Notes
Turn   | Place    | Note
-------+----------+-------------------------------------------
     0 | D:1      | Zonian the Demonspawn Necromancer began the quest for the
                  | Orb.
     0 | D:1      | Reached XP level 1. HP: 13/13 MP: 3/3
   455 | D:1      | Found a faded altar of an unknown god.
   463 | D:1      | Got Plato's Disquisition on the Comitatus
   484 | D:1      | Gained mutation: You have sharp fingernails. [demonic
                  | ancestry]
   484 | D:1      | Reached XP level 2. HP: 12/19 MP: 0/5
  1285 | D:1      | Reached XP level 3. HP: 24/24 MP: 1/6
  1598 | D:2      | Slain by a hobgoblin

Illustrated notes

Levels and vault maps discovered:
D:1:      dpeg_chamrin_arrival_tetris, layout_basic,
          shapermc_ecumenical_altar_rom_forum
D:2:      layout_loops_cross, basic_altar, minmay_tree_intersection, uniq_robin,
          uniq_sigmund

Skill      XL: |  1 |
---------------+----+-----
Stealth        | 2 |  2.5
Dodging        | 2 |  2.4
Spellcasting   | |  2.5
Necromancy     | |  4.8

Action                   || total
-------------------------++-------
Melee: Unarmed           ||    14
       Dagger            ||    18
 Cast: Necrotise         ||    48
  Use: Potion            ||     3
Armor: Robe              ||     4
Dodge: Dodged            ||    27
Block: Other             ||     8
       Reflection        ||     1

Table legend: (Time is in decaauts)
 A = Elapsed time spent in this place.
 B = Non-inter-level travel time spent in this place.
 C = Inter-level travel time spent in this place.
 D = Time resting spent in this place.
 E = Time spent auto-exploring this place.
 F = Levels seen in this place.
 G = Mean time per level.
                   A        B        C        D        E       F      G
               +--------+--------+--------+--------+--------+-----+--------+
         Total |   1596 |   1560 |     36 |    581 |    731 |   2 |  798.0 |
       Dungeon |   1596 |   1560 |     36 |    581 |    731 |   2 |  798.0 |
               +--------+--------+--------+--------+--------+-----+--------+

Top non-repeatable levels by time:
     D:1: 1562 daAuts
     D:2: 34 daAuts
